 Dungeon Crawl Stone Soup version 0.18-a0-1577-gf591c28 (webtiles) character file.

3084 M4edhros the Slinger (level 9, -1/54 HPs)
             Began as an Octopode Hunter on Mar 19, 2016.
             Slain by an orc warrior
             ... wielding a +0 halberd
              (10 damage)
             ... on level 7 of the Dungeon.
             The game lasted 00:19:40 (16096 turns).

M4edhros the Slinger (Octopode Hunter)             Turns: 16096, Time: 00:19:40

Health: -1/54      AC:  8    Str: 10 (11) XL:     9   Next: 89%
Magic:  9/9        EV: 15    Int: 16      God:    Xom [*.....]
Gold:   309        SH:  0    Dex: 15 (17) Spells: 0 memorised, 8 levels left

rFire  . . .     SeeInvis +     A - +0 mace (protect)
rCold  . . .     Gourm    .     (no shield)
rNeg   . . .     Faith    .     (helmet restricted)
rPois  .         Spirit   .     (no amulet)
rElec  .         Dismiss  .     o - ring of protection from magic
rCorr  .         Reflect  .     (no ring)
SustAt .         Harm     .     (no ring)
MR     +....     Rnd*Rage +     (no ring)
Stlth  +++.......               (no ring)
                                (no ring)
                                (no ring)
                                (no ring)

@: somewhat resistant to hostile enchantments, fairly stealthy
A: almost no armour, amphibious, 8 rings, constrict 8, tentacle spike 1,
repulsion field 1, slimy green scales 1, camouflage 1, see invisible, agile 2,
berserk 1, blink, deterioration 2, slow regeneration 1, wild magic 1, gelatinous
body 1
a: Blink, Renounce Religion


You were on level 7 of the Dungeon.
You worshipped Xom.
You were a special plaything of Xom.
You were near starving.

You visited 2 branches of the dungeon, and saw 8 of its levels.
You also visited: Sewer.

You collected 309 gold pieces.

Inventory:

Hand Weapons
 a - a +2 hunting sling
 w - a +3 spear
 A - a +0 mace of protection (weapon)
Missiles
 c - 51 sling bullets
 d - 11 steel sling bullets
 i - 119 stones
 q - 4 poisoned tomahawks (quivered)
 r - 5 javelins
 t - 19 poisoned needles
Magical Staves
 x - an uncursed staff of energy
Jewellery
 o - a ring of protection from magic (left tentacle)
Wands
 g - a wand of flame (29/48)
Scrolls
 e - a scroll of fog
 f - 4 scrolls of remove curse
 l - a scroll of magic mapping
 m - 2 scrolls of recharging
 s - a scroll of noise
 y - a scroll of amnesia
 B - 2 scrolls of enchant armour
Potions
 b - a potion of brilliance
 v - 6 potions of flight
Books
 u - a book of Dreams

   Spells                             Type                      Level
   a - Ensorcelled Hibernation        Hexes/Ice                    2
   b - Silence                        Hexes/Air                    5
   c - Darkness                       Hexes                        6
   d - Shadow Creatures               Summoning                    6
Comestibles
 C - 7 fruits


   Skills:
 - Level 2.0 Fighting
 - Level 13.3 Slings
 + Level 3.0 Dodging
 - Level 1.3 Stealth


You had 8 spell levels left.
You didn't know any spells.

Dungeon Overview and Level Annotations

Branches:
Dungeon (7/15)             Temple (1/1) D:7

Altars:
Ashenzari
Cheibriados
Dithmenos
Elyvilon
Fedhas
Gozag
Kikubaaqudgha
Nemelex Xobeh
Okawaru
Pakellas
Ru
Sif Muna
Trog
Vehumet
Xom
The Shining One


Innate Abilities, Weirdness & Mutations

You cannot wear most types of armour.
You are amphibious.
You can wear up to eight rings at the same time.
You can use your tentacles to constrict eight enemies at once.
Your skin changes colour to match your surroundings (Stealth).
Your rubbery body absorbs attacks (AC +1).
One of your tentacles bears a spike.
You are surrounded by a mild repulsion field (EV +2).
You are partially covered in slimy green scales (AC +2).
You have supernaturally acute eyesight.
You are very agile. (Dex +4)
You tend to lose your temper in combat.
You can translocate small distances at will.
Your body often deteriorates upon taking damage.
You regenerate slowly when monsters are visible.
Your spells are a little harder to cast, but a little more powerful.


Message History

The orc priest miscasts a cantrip.
The quokka misses you.
Unknown command.
You hit the orc warrior.
The orc warrior is severely wounded.
You constrict the orc warrior. The orc hits you with a dagger.
The quokka barely misses you. The orc warrior closely misses you.
The orc misses you.
Unknown command.
You hit the orc warrior but do no damage.
You pierce the orc warrior, but do no damage.
You squeeze the orc warrior.
The orc warrior is almost dead.
You constrict the orc warrior, but do no damage.
The quokka misses you.
The orc priest invokes the aid of Beogh against you.
Beogh smites you!
* * * LOW HITPOINT WARNING * * *
The orc warrior hits you with a halberd!
You die...

#.......######.#
#............#.#
#........# #.#.#
#........# #.#.#
#........###.#.#.#
+...............>#
#.ro.o..####.#.)...#
....o..###r###....###.###
....o.(#.@o..#....###.#
....(..#o⌠.⌠.#........#
..os(..'..>[.'......###
...(...#.⌠.⌠.#......#
.......#.....#......#
..((...###+###......#
..................#
..................#
...............+


You could see an orc warrior, an orc priest, an orc and a quokka.

Vanquished Creatures
  A hungry ghost (D:6)
  5 yaks (D:6)
  Eustachio (D:5)
  An ice beast (D:6)
  A black bear (D:6)
  4 centaurs
  5 ogres
  A big kobold (Sewer)
  3 giant frogs (D:6)
  A scorpion (D:6)
  4 wights (D:5)
  3 crimson imps
  A giant frog zombie (D:6)
  A hound (D:4)
  2 giant frog skeletons
  3 orc priests
  A centaur skeleton (D:6)
  2 orc wizards
  2 iguanas (D:6)
  4 worker ants
  8 adders
  3 gnolls (D:2)
  4 river rats
  2 oozes
  An adder skeleton (D:6)
  7 worms
  3 dart slugs
  7 giant geckos
  14 orcs
  4 bats
  3 giant cockroaches (D:3)
  3 hobgoblins
  18 jackals
  4 quokkas
  5 ball pythons
  3 giant newts
  9 goblins
  8 kobolds
  8 rats
160 creatures vanquished.

Vanquished Creatures (others)
  12 toadstools
12 creatures vanquished.

Grand Total: 172 creatures vanquished

Notes
Turn   | Place    | Note
--------------------------------------------------------------
     0 | D:1      | M4edhros the Octopode Hunter began the quest for the Orb.
     0 | D:1      | Reached XP level 1. HP: 14/14 MP: 1/1
   143 | D:1      | Reached XP level 2. HP: 14/19 MP: 2/2
   516 | D:1      | Found a snail-covered altar of Cheibriados.
   564 | D:1      | Reached XP level 3. HP: 21/24 MP: 3/3
   600 | D:1      | Reached skill level 5 in Slings
  1314 | D:2      | Reached XP level 4. HP: 29/29 MP: 4/4
  1641 | D:2      | Reached skill level 6 in Slings
  2176 | D:3      | Reached XP level 5. HP: 31/34 MP: 5/5
  2514 | D:3      | Found a glowing drain.
  2540 | Sewer    | Entered a sewer
  2649 | Sewer    | Noticed a big kobold
  2687 | Sewer    | Killed a big kobold
  2687 | Sewer    | Reached skill level 7 in Slings
  2687 | Sewer    | Reached XP level 6. HP: 39/39 MP: 6/6
  2752 | Sewer    | Found a glowing silver altar of Zin.
  3898 | D:4      | Reached skill level 8 in Slings
  3898 | D:4      | Reached XP level 7. HP: 34/45 MP: 7/7
  4445 | D:5      | Entered Level 5 of the Dungeon
  4601 | D:5      | Reached skill level 9 in Slings
  4727 | D:5      | Noticed Eustachio
  4884 | D:6      | Noticed a yak
  4893 | D:6      | Noticed a yak
  4893 | D:6      | Reached XP level 8. HP: 34/50 MP: 8/8
  4894 | D:6      | Noticed a yak
  4897 | D:6      | Noticed a yak
  4897 | D:6      | Noticed a yak
  5159 | D:5      | Reached skill level 10 in Slings
  5479 | D:5      | Killed Eustachio
  5819 | D:5      | Reached skill level 11 in Slings
  6173 | D:5      | Found a blossoming altar of Fedhas.
  6449 | D:6      | Killed a yak
  6452 | D:6      | Killed a yak
  6452 | D:6      | Reached XP level 9. HP: 54/54 MP: 9/9
  6464 | D:6      | Reached skill level 12 in Slings
  7113 | D:5      | Became a worshipper of Fedhas Madash
  7361 | D:6      | Reached skill level 13 in Slings
  8692 | D:7      | Found a staircase to the Ecumenical Temple.
  8708 | Temple   | Entered the Ecumenical Temple
  8722 | Temple   | Fell from the grace of Fedhas
  8722 | Temple   | Became a worshipper of Xom of Bone-Dry Humour
  9289 | Temple   | XOM: harmless Divn miscast
  9695 | Temple   | XOM: harmless Fire miscast
  9870 | Temple   | XOM: harmless Conj miscast
  9912 | Temple   | XOM is BORED!
  9912 | Temple   | XOM: silly message
 10245 | Temple   | XOM: harmless Fire miscast
 10309 | Temple   | XOM: divination: detect items
 10471 | Temple   | XOM: give mutations
 10471 | Temple   | Gained mutation: You are partially covered in iridescent scales (AC +4). [Xom's grace]
 10471 | Temple   | Gained mutation: You are surrounded by a mild repulsion field (EV +2). [Xom's grace]
 10471 | Temple   | Gained mutation: You are agile. (Dex +2) [Xom's grace]
 10471 | Temple   | Gained mutation: You are partially covered in slimy green scales (AC +2). [Xom's grace]
 10475 | Temple   | XOM: cast spell 'Summon Butterflies'
 11054 | Temple   | XOM is BORED!
 11054 | Temple   | XOM: give mutations
 11054 | Temple   | Gained mutation: Scrolls take you a little longer to read. [Xom's mischief]
 11054 | Temple   | Lost mutation: You are agile. (Dex +2) [Xom's mischief]
 11054 | Temple   | Gained mutation: You regenerate slowly when monsters are visible. [Xom's mischief]
 11285 | Temple   | XOM: god gift: 15 stones
 11309 | Temple   | XOM: god gift: 11 steel sling bullets
 11350 | Temple   | XOM: give mutations
 11350 | Temple   | Gained mutation: One of your tentacles bears a spike. [Xom's grace]
 11350 | Temple   | Lost mutation: Scrolls take you a little longer to read. [Xom's grace]
 11350 | Temple   | Gained mutation: You have supernaturally acute eyesight. [Xom's grace]
 11350 | Temple   | Gained mutation: You are agile. (Dex +2) [Xom's grace]
 11506 | Temple   | XOM: harmless Summ miscast
 11525 | Temple   | XOM: 3-stop teleportation journey
 11684 | Temple   | XOM: noise
 11871 | Temple   | XOM: medium Summ miscast
 12775 | Temple   | XOM: colour smoke trail
 12959 | Temple   | XOM: give mutations
 12959 | Temple   | Gained mutation: Your body sometimes deteriorates upon taking damage. [Xom's mischief]
 12959 | Temple   | Gained mutation: Your body often deteriorates upon taking damage. [Xom's mischief]
 12959 | Temple   | Lost mutation: You are partially covered in iridescent scales (AC +4). [Xom's mischief]
 12959 | Temple   | Gained mutation: You tend to lose your temper in combat. [Xom's mischief]
 13048 | Temple   | XOM: medium Necr miscast
 13353 | Temple   | XOM: noise
 13474 | Temple   | XOM: medium Chrm miscast
 13907 | Temple   | XOM: medium Necr miscast
 14807 | Temple   | XOM is BORED!
 14807 | Temple   | XOM: noise
 15141 | Temple   | XOM: give mutations
 15141 | Temple   | Gained mutation: You can translocate small distances at will. [Xom's grace]
 15141 | Temple   | Gained mutation: Your spells are a little harder to cast, but a little more powerful. [Xom's grace]
 15141 | Temple   | Gained mutation: You are very agile. (Dex +4) [Xom's grace]
 15318 | Temple   | XOM: vitrification
 15991 | Temple   | XOM is BORED!
 15991 | Temple   | XOM: medium Divn miscast
 16055 | Temple   | XOM: god gift: ring mail {god gift}
 16089 | D:7      | XOM: harmless Pois miscast
 16096 | D:7      | Slain by an orc warrior

Vault maps used:
D:1:      lemuel_arrival_rhombus, cheibriados_altar_1
D:2:      feat_on_display
D:3:      gup_sewer_entry_bowl, minmay_shallow_snake_nest
D:4:      corexii_corridor_pit
D:5:      first_bread, fedhas_altar_fruit_tree, uniq_eustachio
D:7:      gammafunk_temple_overflow_elements, minmay_temple_entry_hall,
          serial_shops, nicolae_shop_behind_doors, basic_altar, the_bakery,
          minmay_bad_closet, minmay_three_doors
Temple:   grunt_circular_temple_18
Sewer:    sewer_kobolds

Skill      XL: |  1  2  3  4  5  6  7  8  9 |
---------------+----------------------------+-----
Slings         | 5 6 7 8 9 11 13 | 13.3
Dodging        | 3 |  3.0
Fighting       | |  2.0
Stealth        | |  1.3

Action                   |  1- 3 |  4- 6 |  7- 9 || total
-------------------------+-------+-------+-------++-------
Melee: Short sword       |    28 |    40 |       ||    68
       Spear             |       |    12 |   128 ||   140
       Mace              |       |       |    10 ||    10
 Fire: Hunting sling     |    49 |   157 |   259 ||   465
Throw: Javelin           |       |     8 |       ||     8
       Tomahawk          |       |       |     4 ||     4
  Use: Potion            |       |     6 |     9 ||    15
       Scroll            |       |       |    10 ||    10
 Stab: Sleeping          |     4 |     8 |     1 ||    13
       Invisible         |       |       |     1 ||     1
  Eat: Chunk             |       |     9 |     6 ||    15
       Beef jerky        |       |       |     3 ||     3
       Meat ration       |       |       |     3 ||     3
       Bread ration      |       |       |     3 ||     3
       Pizza             |       |       |     1 ||     1
